 Dungeon Crawl Stone Soup version 0.24-a0-140-gcaa6c10 (webtiles) character file.

Game seed: 18180480312319675156

11 Lanoc the Slasher (level 2, -1/28 HPs)
             Began as a Naga Berserker on Mar 4, 2019.
             Was a Follower of Trog.
             Slain by a jackal (2 damage)
             ... on level 1 of the Dungeon.
             The game lasted 00:00:44 (390 turns).

Lanoc the Slasher (Naga Berserker)                   Turns: 390, Time: 00:00:44

Health: -1/28      AC:  0    Str: 19    XL:     2   Next: 29%
Magic:  2/2        EV: 10    Int:  7    God:    Trog [*.....]
Gold:   0          SH:  0    Dex: 10    Spells: 1/1 levels left

rFire    . . .     SeeInvis +   a - +0 falchion
rCold    . . .     Gourm    .   (no shield)
rNeg     . . .     Faith    .   e - -1 robe (curse)
rPois    +         Spirit   .   (no helmet)
rElec    .         Reflect  .   (no cloak)
rCorr    .         Harm     .   (no gloves)
MR       .....                  (no barding)
Stlth    +.........             (no amulet)
HPRegen  0.09/turn              (no ring)
MPRegen  0.08/turn              (no ring)

@: short of breath, berserk cooldown, slowed, very slow
A: large, see invisible, deformed body, poison resistance, slowness 2, slow
metabolism 1, spit poison 1, AC +0
a: Spit Poison, Berserk, Renounce Religion


You were on level 1 of the Dungeon.
You worshipped Trog.
Trog was aware of your devotion.
You were not hungry.

You visited 1 branch of the dungeon, and saw 1 of its levels.

Inventory:

Hand Weapons
 a - a +0 falchion (weapon)
 g - a +0 vampiric dagger
Armour
 b - a +0 animal skin
 e - a cursed -1 robe (worn)
Potions
 f - a potion of invisibility {unknown}
Comestibles
 c - a ration
 d - 3 chunks of flesh


   Skills:
 + Level 3.1 Fighting
 * Level 3.2 Long Blades
 + Level 1.7 Armour
 + Level 1.7 Dodging


You had one spell level left.
You didn't know any spells.
Your spell library was empty.

Dungeon Overview and Level Annotations

Branches:
Dungeon (1/15)

Altars:


Innate Abilities, Weirdness & Mutations

You cannot wear boots.
Your serpentine skin is tough. (AC +0)
You have supernaturally acute eyesight. (SInv)
Armour fits poorly on your strangely shaped body.
Your system is resistant to poisons. (rPois)
You cover ground very slowly.
You have a slow metabolism.
You can spit poison.


Message History

You closely miss the jackal. The jackal bites you.
* * * LOW HITPOINT WARNING * * *
You barely miss the jackal. The jackal bites you.
* * * LOW HITPOINT WARNING * * *
You slash the jackal!
You kill the jackal!
Trog accepts your kill.
You closely miss the jackal.
You are no longer berserk.
You are exhausted.
You feel yourself slow down. The jackal completely misses you.
Press: ? - help, Shift-Dir - straight line, f - jackal
Aim: a jackal The splash of poison misses the jackal. x2; You feel slightly more hungry.
The jackal barely misses you. x2
You hit the jackal.
You kill the jackal!
Trog accepts your kill. The jackal bites you.
You die...

#.. ...# #.##.#.## ####........
.........#. .......... #....#
......... #....# #........
#....# ####.####... #....#
#.@h........ #....####
#.##.#...[.. #......(#
#.##.#...$.. ##...###.# #.##.#
####. #.....##.###.##.#.###
##..
..#.....#.........#.........#
#.#...รท.#..###.##.#[........##
#.#.###.#..#.................#
#.#.#.......##.##..#########.#.


You could see a jackal.

Vanquished Creatures
  2 bats (D:1)
  A goblin (D:1)
  A hobgoblin (D:1)
  3 jackals (D:1)
  2 kobolds (D:1)
  A frilled lizard (D:1)
10 creatures vanquished.

Notes
Turn   | Place    | Note
-------+----------+-------------------------------------------
     0 | D:1      | Lanoc the Naga Berserker began the quest for the Orb.
     0 | D:1      | Reached XP level 1. HP: 21/21 MP: 1/1
   378 | D:1      | Reached XP level 2. HP: 9/28 MP: 2/2
   386 | D:1      | HP: 1/42 [jackal (2)]
   390 | D:1      | Slain by a jackal

Levels and vault maps discovered:
D:1:      minmay_arrival_semitransparent, layout_basic

Action                   || total
-------------------------++-------
Melee: Falchion          ||    32
Invok: Berserk           ||     1
 Abil: Spit Poison       ||     2
Dodge: Dodged            ||    22
       Rpst.: Falchion   ||     4

Table legend:
 A = Non-vault XP
 B = Vault XP
 C = Vault XP percentage of total XP
 D = Non-vault monster count
 E = Vault monster count
 F = Vault count percentage of total count
                 A         B        C        D         E       F
            +---------+---------+-------+---------+---------+-------
      Total |      17 |       0 |   0.0 |      10 |       0 |   0.0
            +---------+---------+-------+---------+---------+-------
        D:1 |      17 |       0 |   0.0 |      10 |       0 |   0.0
            +---------+---------+-------+---------+---------+-------
